Map: Cerulean Fall LE

Players

Mesrob - Winner!

  • Race: Terran Terran
  • League: Gold
  • Spawn Location: 7:00

WhiteTiger

  • Race: Zerg Zerg
  • League: Platinum
  • Spawn Location: 1:00

VOD

Have the link to the VOD?

Description

Time

  • Played on: Jan. 19, 2019, 11:26 p.m.
  • Length: 15:17
Show
View Real Time Build Order
Export as new Build Order

Mesrob Terran - Winner!

Build Orders: Mech 

Get SALT Encoding   

  12  0:00  SCV  
  13  0:13  SCV  
  14  0:17  Supply Depot  
  14  0:25  SCV  
  15  0:39  SCV  
  15  0:42  Barracks  
  16  0:51  SCV  
  16  0:52  Refinery  
  17  1:03  SCV  
  18  1:15  SCV  
  19  1:28  Orbital Command  
  19  1:39  Marine, Command Center  
  20  1:51  Bunker  
  20  2:03  SCV  
  21  2:14  Factory  
  21  2:21  Barracks Tech Lab  
  21  2:22  Supply Depot  
  21  2:32  SCV  
  22  2:39  Refinery  
  22  2:44  SCV  
  22  2:45  Supply Depot  
  23  2:57  SCV  
  24  3:00  Marine  
  24  3:03  Engineering Bay  
  25  3:06  Siege Tank  
  25  3:11  SCV  
  29  3:16  Orbital Command  
  29  3:23  SCV  
  30  3:33  Missile Turret  
  30  3:35  SCV  
  30  3:36  Armory  
  31  3:43  Siege Tank  
  34  3:50  SCV  
  34  3:52  SCV  
  34  3:55  Missile Turret  
  36  4:02  SCV  
  37  4:04  SCV  
  38  4:15  Siege Tank  
  38  4:16  SCV  
  38  4:17  Supply Depot  
  42  4:20  Refinery  
  42  4:23  SCV  
  43  4:26  Terran Vehicle Weapons Level 1  
  43  4:35  SCV x2  
  45  4:47  SCV x2  
  45  4:50  Siege Tank  
  50  4:53  Supply Depot  
  50  5:07  Factory  
  50  5:17  Supply Depot  
  50  5:18  SCV x2  
  52  5:29  Command Center, Thor  
  58  5:41  Supply Depot  
  58  5:48  SCV  
  58  5:49  SCV  
  60  5:51  Factory  
  60  5:53  Refinery  
  60  5:54  Factory Reactor  
  60  6:00  SCV  
  60  6:01  SCV  
  62  6:04  Supply Depot  
  62  6:05  Missile Turret  
  62  6:12  SCV, Thor  
  69  6:25  Missile Turret  
  69  6:30  Supply Depot  
  69  6:33  Marine  
  70  6:48  Missile Turret  
  70  6:52  Supply Depot  
  70  6:56  Factory Reactor, Thor  
  70  7:00  Hellbat x2  
  80  7:16  Supply Depot  
  79  7:51  Supply Depot  
  79  8:04  Supply Depot  
  79  8:06  SCV x2  
  79  8:09  Planetary Fortress  
  81  8:17  Supply Depot  
  81  8:18  SCV x2  
  83  8:26  Supply Depot  
  83  8:30  SCV x2, Thor  
  83  8:33  Hellbat x4  
  99  8:40  Supply Depot  
  99  8:42  Factory  
  99  8:49  Factory  
  99  8:56  SCV  
  99  8:57  SCV x2  
  102  9:06  Supply Depot  
  102  9:08  SCV  
  102  9:09  SCV x2  
  105  9:13  Refinery  
  105  9:18  Command Center  
  105  9:20  SCV  
  106  9:27  Factory, Thor, Factory Tech Lab  
  106  9:29  Hellbat x3, Supply Depot  
  106  9:30  Hellbat  
  120  9:33  Factory  
  120  9:38  Refinery  
  120  9:44  SCV x2  
  120  9:45  SCV  
  123  9:47  Thor  
  123  9:50  Factory Tech Lab  
  129  9:53  Supply Depot  
  129  9:56  SCV x2  
  131  10:13  SCV x3  
  134  10:15  Factory  
  134  10:16  Supply Depot  
  134  10:21  Factory  
  134  10:24  Thor  
  134  10:25  SCV x2  
  134  10:26  SCV  
  130  10:35  Factory Tech Lab  
  130  10:36  Factory Reactor  
  130  10:41  Thor  
  130  10:42  Thor  
  142  10:44  Hellbat x2  
  142  10:45  Hellbat x2  
  150  10:52  Planetary Fortress, Refinery  
  150  11:17  Command Center  
  143  11:19  Refinery  
  137  11:42  Thor x3  
  137  11:43  Thor  
  137  11:44  Factory Tech Lab  
  137  11:46  Factory Tech Lab  
  155  11:50  SCV x2  
  157  11:55  SCV  
  157  11:56  SCV  
  159  12:02  SCV  
  159  12:03  Thor  
  159  12:04  Thor  
  159  12:06  Hellbat  
  159  12:07  Hellbat x5, SCV  
  185  12:10  Terran Vehicle Weapons Level 2  
  185  12:17  Armory  
  185  12:19  SCV  
  186  12:25  Thor  
  192  12:32  Factory  
  165  12:50  Thor x2  
  177  12:53  Hellbat  
  177  12:54  Hellbat x5  
  177  12:56  Hellbat x2  
  193  13:08  Planetary Fortress  
  193  13:14  Refinery  
  187  13:26  Factory Tech Lab, Thor  
  189  13:32  Command Center  
  187  13:40  Refinery  
  173  13:55  Thor  
  173  13:56  Thor x3  
  173  13:58  Hellbat  
  173  13:59  Hellbat  
  181  14:11  SCV  
  174  14:17  Thor  
  174  14:20  Hellbat x4  
  174  14:23  SCV  
Show
View Real Time Build Order
Export as new Build Order

WhiteTiger Zerg 

Build Orders: Hatch First, Swarm Host 

Get SALT Encoding   

  12  0:01  Drone  
  13  0:12  Overlord  
  13  0:26  Drone  
  14  0:30  Drone  
  14  0:31  Drone  
  16  0:38  Drone  
  17  0:56  Drone  
  18  0:58  Hatchery  
  17  1:05  Drone  
  17  1:10  Extractor  
  17  1:13  Drone  
  18  1:19  Spawning Pool  
  18  1:21  Drone  
  18  1:31  Drone  
  19  1:50  Overlord  
  19  2:06  Drone  
  20  2:13  Queen  
  20  2:14  Queen  
  24  2:16  Drone  
  24  2:17  Zergling x4  
  24  2:22  Drone  
  28  2:24  Metabolic Boost  
  28  2:42  Hatchery, Drone  
  28  2:43  Drone x2  
  30  2:46  Overlord  
  30  2:59  Drone x3  
  30  3:03  Drone  
  34  3:08  Overlord  
  34  3:14  Drone  
  34  3:19  Drone  
  36  3:25  Drone  
  36  3:26  Drone x2  
  39  3:34  Queen  
  39  3:36  Drone x5  
  46  3:43  Drone  
  46  3:44  Extractor  
  46  3:48  Drone  
  47  3:54  Extractor  
  46  3:56  Extractor  
  46  3:59  Drone x2  
  46  4:00  Drone  
  48  4:13  Drone x6, Evolution Chamber  
  48  4:14  Drone  
  48  4:15  Queen, Evolution Chamber  
  55  4:32  Zergling x6  
  55  4:35  Overlord x3  
  58  4:43  Zerg Melee Weapons Level 1  
  58  4:44  Zerg Ground Armor Level 1  
  58  4:53  Drone x3  
  58  4:56  Drone  
  58  4:57  Drone x3  
  65  5:12  Lair  
  65  5:23  Baneling Nest  
  64  5:46  Zergling x20  
  64  5:47  Zergling x16  
  82  6:04  Pneumatized Carapace  
  82  6:10  Centrifical Hooks  
  82  6:24  Overseer  
  82  6:38  Overlord  
  82  6:39  Overlord x6  
  80  7:33  Baneling x14  
  80  7:34  Baneling x2  
  74  7:49  Hydralisk Den  
  74  7:50  Zerg Ground Armor Level 2, Zerg Melee Weapons Level 2  
  73  7:56  Infestation Pit, Drone x15  
  87  8:04  Drone  
  87  8:05  Drone x8  
  96  8:11  Overlord  
  96  8:12  Overlord x3  
  96  8:18  Extractor  
  96  8:19  Extractor  
  94  8:26  Hydralisk  
  94  8:27  Hydralisk x4  
  94  8:33  Hatchery, Baneling  
  103  8:34  Baneling x13  
  103  8:40  Swarm Host x2  
  103  8:41  Swarm Host x6  
  127  8:49  Swarm Host  
  127  8:50  Swarm Host  
  133  8:56  Swarm Host  
  133  8:58  Zergling x2  
  133  8:59  Zergling x10  
  142  9:03  Zergling x2  
  142  9:04  Zergling x12  
  149  9:23  Swarm Host x4  
  161  9:34  Overlord x7  
  161  9:35  Overlord  
  148  10:42  Hydralisk x13  
  150  10:43  Hydralisk x6  
  186  10:50  Zergling x6  
  178  11:50  Zergling x2  
  178  11:51  Zergling x16  
  187  12:01  Hive  
  187  12:05  Zergling x2  
  187  12:06  Zergling x4  
  180  12:45  Zergling x2  
  180  12:46  Zergling x16  
  189  12:58  Swarm Host  
  187  13:38  Swarm Host  
  187  13:39  Swarm Host x3  
  153  14:09  Zergling x2  
  148  14:10  Zergling x16  
  140  14:39  Zergling x2  
  140  14:40  Zergling x6  
Tags
 
Composition
MechSwarm Host
Matchup
TvZ
Replay Pack
sc2 replays
Spawn Locations
Cross Positions
Add a new tag
Caveats
  • Supply blocks, unpowered buildings, or Contaminate may cause inaccurate times.
  • Supply counts are checked every 10 seconds.